 Dungeon Crawl Stone Soup version 0.25.1-2-g60ff931df9 (webtiles) character file.

Game seed: 6505095648802627703

57 Atelerd the Changer (level 3, -11/29 HPs)
             Began as a Demigod Transmuter on Aug 4, 2020.
             Killed by divine providence
             ... invoked by an orc priest
              (13 damage)
             ... on level 3 of the Dungeon.
             The game lasted 00:01:46 (2219 turns).

Atelerd the Changer (Demigod Transmuter)            Turns: 2219, Time: 00:01:46

Health: -11/29     AC:  2    Str: 12 (13) XL:     3   Next: 50%
Magic:  7/8        EV: 12    Int: 16 (19) God:
Gold:   97         SH:  0    Dex: 13 (16) Spells: 5/6 levels left

rFire    . . .     SeeInvis .   c - +1 hand axe (elec)
rCold    . . .     Gourm    .   (no shield)
rNeg     . . .     Faith    .   b - +0 robe
rPois    .         Spirit   .   (no helmet)
rElec    .         Reflect  .   (no cloak)
rCorr    .         Harm     .   (no gloves)
MR       .....                  (no boots)
Stlth    +.........             (no amulet)
HPRegen  0.09/turn              (no ring)
MPRegen  0.11/turn              (no ring)

@: appendage
A: horns 2, high mp 1
a: End Transformation


You were on level 3 of the Dungeon.
You were not hungry.
You had grown temporary horns.
You visited 1 branch of the dungeon, and saw 3 of its levels.

You collected 97 gold pieces.

Inventory:

Hand Weapons
 c - a +1 hand axe of electrocution (weapon)
 m - a +2 short sword of speed
Missiles
 a - 28 arrows
Armour
 b - a +0 robe (worn)
Scrolls
 f - a scroll of teleportation {unknown}
 i - a scroll of amnesia {unknown}
 j - 2 scrolls of fog {unknown}
Potions
 e - 2 potions of degeneration
 g - a potion of heal wounds {unknown}
 h - 3 potions of lignification {unknown}
 k - a potion of cancellation {unknown}
 l - 2 potions of flight {unknown}
 n - a potion of curing {unknown}
Comestibles
 d - 7 rations
 o - 2 chunks of flesh


   Skills:
 * Level 2.1 Fighting
 - Level 1.7 Dodging
 - Level 2.6 Unarmed Combat
 + Level 2.2 Spellcasting
 * Level 2.7 Transmutations


You had 5 spell levels left.
You knew the following spells:

 Your Spells              Type           Power        Failure   Level  Hunger
a - Beastly Appendage     Tmut           ##....       7%          1    #......

Your spell library contained the following spells:

 Spells                   Type           Power        Failure   Level  Hunger
 Sticks to Snakes         Tmut           ##......     10%         2    ###....
 Spider Form              Tmut/Pois      #.........   34%         3    ###....
 Ice Form                 Ice/Tmut       #.......     75%         4    #####..
 Blade Hands              Tmut           ##........   88%         5    ######.


Dungeon Overview and Level Annotations

Branches:
Dungeon (3/15)

Annotations:
D:1 exclusion: downstairs


Innate Abilities, Weirdness & Mutations

You have an increased reservoir of magic. (+10% MP)
You have a pair of horns on your head.


Message History

* * * LOW HITPOINT WARNING * * *
The adder bites you but does no damage.
The orc wizard moves out of view.
You hear a shout!
Unknown command.
Unknown command.
You barely miss the adder. You hit the orc.
You kill the orc!
You hit the quokka but do no damage. The quokka bites you.
* * * LOW HITPOINT WARNING * * *
The adder barely misses you. The quokka misses you. The adder misses you.
Unknown command.
Unknown command.
Unknown command.
Unknown command.
It was a potion of degeneration.
There was something very wrong with that liquid.
You feel weakened.
You feel dopey.
You feel clumsy.
The orc priest calls down the wrath of Beogh upon you.
Beogh smites you!
You die...

#.# ##.. #
#..#.###.
#.. .....
#.#.....
###.#.#.#.S
#.<......#
##.#S#.#.##.
#...@g.....?
#.##r#.#.#.#
#. .o....
#.##.#.#.# #
.o.###.> .#o
..# . . o#
.. ..


You could see 2 orc priests, an orc wizard, an adder, a quokka and a hobgoblin.

Vanquished Creatures
  5 worms (D:2)
  A dart slug (D:1)
  An orc (D:3)
  6 bats
  A giant cockroach (D:1)
  8 goblins
  4 hobgoblins
  A ball python (D:2)
  4 kobolds
  6 rats
37 creatures vanquished.

Notes
Turn   | Place    | Note
-------+----------+-------------------------------------------
     0 | D:1      | Atelerd the Demigod Transmuter began the quest for the Orb.
     0 | D:1      | Reached XP level 1. HP: 15/15 MP: 5/5
    22 | D:1      | Reached skill level 1 in Fighting
   535 | D:1      | Reached XP level 2. HP: 20/23 MP: 7/7
  1642 | D:2      | Found a sacrificial altar of Ru.
  1642 | D:2      | Found a hazy altar of Hepliaklqana.
  1658 | D:2      | Reached XP level 3. HP: 20/29 MP: 8/8
  1876 | D:2      | Found an opulent altar of Gozag.
  2219 | D:3      | Killed from afar by an orc priest

Illustrated notes

Levels and vault maps discovered:
D:1:      ebering_trefoil_3fold, layout_basic, minmay_misc_feat_tiny,
          st_stairs_14
D:2:      layout_rooms, grunt_gozag_statues,
          chequers_temple_overflow_statue_of_worship
D:3:      layout_loops_ring, st_stairs_8, tgw_fedhas, uniq_crazy_yiuf_cottage

Skill      XL: |  1  2  3 |
---------------+----------+-----
Fighting       | 1 2 |  2.1
Transmutations | 2 |  2.7
Spellcasting   | 2 |  2.2
Dodging        | |  1.7
Unarmed Combat | |  2.6

Action                   || total
-------------------------++-------
Melee: Hand axe          ||    92
       Unarmed           ||     1
       Headbutt          ||     3
       Kick              ||     2
 Cast: Beastly Appendage ||    10
  Use: Potion            ||     1
  Eat: Chunk             ||     4
Armor: Robe              ||    16
Dodge: Dodged            ||    77
